 Dungeon Crawl Stone Soup version 0.30-a0-457-g4b7bca3bfa (webtiles) character file.

Game seed: 16839523520405726637

1 Heisensus the Gusty (level 1, 13/13 HPs)
             Began as a Human Air Elementalist on Dec 12, 2022.
             Got out of the dungeon alive.
             The game lasted 00:01:10 (1796 turns).

Heisensus the Gusty (Human Air Elementalist)        Turns: 1796, Time: 00:01:11

Health: 13/13      AC:  2    Str:  8    XL:     1   Next: 22%
Magic:  3/3        EV: 12    Int: 15    God:
Gold:   0          SH:  0    Dex: 13    Spells: 3/4 levels left

rFire   . . .      SeeInvis .    (no weapon)
rCold   . . .      Faith    .    (no shield)
rNeg    . . .      Spirit   .    a - +0 robe
rPois   .          Reflect  .    (no helmet)
rElec   .          Harm     .    (no cloak)
rCorr   .          Rampage  .    (no gloves)
Will    .....                    (no boots)
Stlth   ++........               (no amulet)
HPRegen 0.22/turn                (no ring)
MPRegen 0.08/turn                (no ring)

@: no status effects
A: no striking features
a: no special abilities


You escaped.
You visited 1 branch of the dungeon, and saw 1 of its levels.

Inventory:

Armour
 a - a +0 robe (worn)
Potions
 b - a potion of magic


   Skills:
 + Level 2.0 Dodging
 + Level 2.0 Stealth
 + Level 2.0 Spellcasting
 + Level 1.0 Conjurations
 + Level 3.0 Air Magic


You had 3 spell levels left.
You knew the following spells:

 Your Spells              Type           Power      Damage    Failure   Level
a - Shock                 Conj/Air       28%        1d4       10%         1

Your spell library contained the following spells:

 Spells                   Type           Power      Damage    Failure   Level
 Static Discharge         Conj/Air       14%        2-3/arc   14%         2
 Swiftness                Air            10%        N/A       19%         3
 Airstrike                Air            5%         2d(1-17)  54%         4


Dungeon Overview and Level Annotations

Branches:
Dungeon (1/15)

Altars:


Message History

Unknown command.
Unknown command.
The bat closely misses you. The bat hits you but does no damage.
The bat closely misses you. The bat attacks as you move away!
The bat hits you but does no damage. The bat barely misses you.
The bat closely misses you. The bat closely misses you.
The bat hits you but does no damage. The bat closely misses you.
The bat hits you. The bat misses you. The bat attacks as you move away!
The bat hits you but does no damage. The bat closely misses you.
The bat barely misses you. The bat hits you. The bat attacks as you move away!
The bat hits you. The bat hits you but does no damage.
The bat closely misses you.
You start resting.
A bat is nearby!
A bat is nearby!
A bat is nearby!
A bat is nearby!
A bat is nearby!
A bat is nearby!
A bat is nearby!
The bat hits you but does no damage. The bat hits you but does no damage.
The bat closely misses you. The bat attacks as you move away!
The bat closely misses you. The bat barely misses you.
The bat barely misses you. The bat barely misses you.
There is a staircase leading out of the dungeon here.
You can't go down here!
Are you sure you want to leave the Dungeon?
This will make you lose the game!
Uppercase [Y]es or [N]o only, please.
Are you sure you want to leave the Dungeon?
This will make you lose the game! The bat closely misses you.
You have escaped!

###..###...[#.#....###
#....###.#............
#.#...................
# #..............####.
.#.......#......#
........###.....#
..#......#......#
.........b......#
.#...#..@#...#..#
##.###.###.###.#
#..#...#>..#..#
#.............#
#......#......#
#.....###.....#
#......#......#..
#.#...............#
#...:......>.......


You could see a bat.

Vanquished Creatures
  A bat (D:1)
1 creature vanquished.

Notes
Turn   | Place    | Note
-------+----------+-------------------------------------------
     0 | D:1      | Heisensus the Human Air Elementalist began the quest for
                  | the Orb.
     0 | D:1      | Reached XP level 1. HP: 13/13 MP: 3/3
  1796 | D:$      | Got out of the dungeon alive.

Illustrated notes

Levels and vault maps discovered:
D:1:      minmay_arrival_five_plusses, layout_basic, serial_shops,
          nicolae_square_shop, minmay_tromino_i2

Action                   || total
-------------------------++-------
Melee: Unarmed           ||    63
       Punch             ||     1
Armor: Robe              ||    49
Dodge: Dodged            ||   106

Table legend: (Time is in decaauts)
 A = Elapsed time spent in this place.
 B = Non-inter-level travel time spent in this place.
 C = Inter-level travel time spent in this place.
 D = Time resting spent in this place.
 E = Time spent auto-exploring this place.
 F = Levels seen in this place.
 G = Mean time per level.
                   A        B        C        D        E       F      G
               +--------+--------+--------+--------+--------+-----+--------+
         Total |   1796 |   1796 |      0 |   1575 |      0 |   1 | 1796.0 |
       Dungeon |   1796 |   1796 |      0 |   1575 |      0 |   1 | 1796.0 |
               +--------+--------+--------+--------+--------+-----+--------+

Top non-repeatable levels by time:
     D:1: 1796 daAuts
